 Dungeon Crawl Stone Soup version 0.16-a0-3770-gc215ce9 (console) character file.

29 MarvinPA the Skirmisher (level 3, -12/19 HPs)
             Began as a Vine Stalker Abyssal Knight on Jan 24, 2015.
             Was a Believer of Lugonu.
             Mangled by Terence
             ... wielding a +0 morningstar
              (14 damage)
             ... on level 2 of the Dungeon.
             The game lasted 00:01:39 (778 turns).

MarvinPA the Skirmisher (VSAK)                       Turns: 778, Time: 00:01:40

Health: -12/19     AC:  3    Str: 14    XL:     3   Next: 16%
Magic:  0/4        EV: 11    Int: 12    God:    Lugonu [**....]
Gold:   14         SH:  0    Dex: 14    Spells: 0 memorised, 2 levels left

rFire  . . .     SeeInvis .     a - +1 short sword
rCold  . . .     Clarity  .     b - +0 leather armour
rNeg   . . .     SustAb   .     (no shield)
rPois  .         Gourm    .     (no helmet)
rElec  .         Spirit   +     (no cloak)
rCorr  .         Warding  .     (no gloves)
rMut   .         Stasis   .     (no boots)
MR     .....                    (no amulet)
Stlth  +.........               (no ring)
                                (no ring)

@: slowed, very slow, not resistant to hostile enchantments, very unstealthy
A: fangs 2, regeneration 1, magic shield, antimagic bite, no device heal 3, rot
immunity
a: Depart the Abyss, Bend Space, Renounce Religion


You were on level 2 of the Dungeon.
You worshipped Lugonu.
Lugonu was pleased with you.
You were not hungry.

You visited 1 branch of the dungeon, and saw 2 of its levels.
You visited the Abyss 1 time.

You collected 14 gold pieces.


Innate Abilities, Weirdness & Mutations

You have extremely sharp teeth.
Your natural rate of healing is unusually fast.
When hurt, damage is shared between your health and your magic reserves.
Your bite disrupts and absorbs the magic of your enemies.
Potions and wands cannot restore your health.
You are immune to rotting.


   Skills:
 - Level 2.6 Fighting
 + Level 2.6 Short Blades
 - Level 1.5 Armour
 + Level 1.5 Dodging
 - Level 1.7 Invocations


You had 2 spell levels left.
You didn't know any spells.

Inventory:

Hand weapons
 a - a +1 short sword (weapon)
Armour
 b - a +0 leather armour (worn)
Scrolls
 d - a scroll of immolation {unknown}
 e - a scroll of identify {unknown}
 g - 2 scrolls of fog {unknown}
Comestibles
 c - 2 bread rations

Dungeon Overview and Level Annotations

Branches:
Dungeon (2/15)

Altars:

Annotations:
D:2 Terence

#.# #.# #.#
#.# #.#
#####.####.#
#..........#
#.###.####.#
#.f....#
#@##.#.# #.
#.#.# #.
#.#.# #.
#.#.# #.
#.#.# #.
#.#.# #.
#.#.# .
#.#.#


You could see Terence.


Message History

You barely miss Terence.
Terence is lightly wounded.
Terence zaps a wand.
You resist with some effort.
You hit Terence. You bite Terence, but do no damage.
Terence is moderately wounded.
Terence hits you with a morningstar.
You barely miss Terence.
Terence is moderately wounded.
Terence zaps a wand.
You feel as though you will be slow longer.
Terence closely misses you.
You hit Terence.
Terence is heavily wounded.
Terence zaps a wand.
You feel as though you will be slow longer.
You hit Terence but do no damage.
Terence is heavily wounded.
Terence hits you with a morningstar!
You barely miss Terence. You bite Terence, but do no damage.
Terence is heavily wounded.
Terence hits you with a morningstar!
* * * LOW HITPOINT WARNING * * *
You barely miss Terence. You bite Terence, but do no damage.
Terence is heavily wounded.
Terence says, "Time to say good-bye..."
Terence zaps a wand.
You feel as though you will be slow longer.
Terence hits you with a morningstar!
Ouch! That really hurt!
You die...

Action                   || total
-------------------------++-------
Melee: Short sword       ||    70
Throw: Throwing net      ||     1

Vault maps used:
D:1:      dpeg_arrival_three_same_balls
D:2:      okawaru_ov_weapons_minmay, uniq_jessica, uniq_terence

Notes
Turn   | Place    | Note
--------------------------------------------------------------
     0 | Abyss:1  | MarvinPA, the Vine Stalker Abyssal Knight, began the quest for the Orb.
     0 | Abyss:1  | Reached XP level 1. HP: 11/11 MP: 1/1
    18 | D:1      | Escaped the Abyss
    70 | D:1      | Reached skill level 1 in Dodging
    73 | D:1      | Reached skill level 2 in Short Blades
   123 | D:1      | Reached XP level 2. HP: 16/16 MP: 3/3
   251 | D:1      | Acquired Lugonu's second power
   451 | D:1      | Reached XP level 3. HP: 10/19 MP: 4/4
   765 | D:2      | Noticed Terence
   778 | D:2      | Mangled by Terence

Vanquished Creatures
  An adder (D:1)
  A giant gecko (D:1)
  2 bats (D:1)
  5 goblins (D:1)
  2 hobgoblins (D:1)
  A giant newt (D:1)
  3 kobolds (D:1)
  3 rats (D:1)
18 creatures vanquished.
